 Dungeon Crawl Stone Soup version 0.30-a0-772-g5528072125 (webtiles) character file.

Game seed: 16264390171274504439

378 Crownlay the Digger (level 6, -1/32 HPs)
             Began as a Gargoyle Earth Elementalist on Feb 12, 2023.
             Slain by a hound (2 damage)
             ... on level 5 of the Dungeon.
             The game lasted 00:03:53 (3989 turns).

Crownlay the Digger (Gargoyle Earth Elementalist)   Turns: 3989, Time: 00:03:54

Health: -1/32      AC:  6    Str: 11    XL:     6   Next: 74%
Magic:  3/14       EV: 11    Int: 18    God:
Gold:   169        SH:  0    Dex: 10    Spells: 11/15 levels left

rFire   . . .      SeeInvis .    r - staff of conjuration
rCold   . . .      Faith    .    (no shield)
rNeg    + . .      Spirit   .    a - +0 robe
rPois   ∞          Reflect  .    (no helmet)
rElec   +          Harm     .    (no cloak)
rCorr   .          Rampage  .    (no gloves)
Will    .....                    (no boots)
Stlth   ++                       (no amulet)
HPRegen 0.25/turn                (no ring)
MPRegen 0.14/turn                (no ring)

@: no status effects
A: sickness immunity, AC +4, negative energy resistance 1, electricity
resistance, torment resistance 1, petrification resistance
a: no special abilities


You were on level 5 of the Dungeon.
You visited 1 branch of the dungeon, and saw 5 of its levels.

You collected 169 gold pieces.

Inventory:

Missiles
 c - a throwing net
Armour
 a - a +0 robe (worn)
 f - a +0 buckler
Magical Staves
 r - a staff of conjuration (weapon)
Wands
 o - a wand of mindburst (7)
 v - a wand of quicksilver (4)
Scrolls
 e - 3 scrolls of vulnerability {unknown}
 h - 2 scrolls of immolation {unknown}
 i - a scroll of noise {unknown}
 j - a scroll of amnesia {unknown}
 k - 2 scrolls of teleportation {unknown}
 l - 2 scrolls of magic mapping {unknown}
 n - 2 scrolls of identify {unknown}
 s - a scroll of blinking {unknown}
 u - a scroll of torment {unknown}
Potions
 b - a potion of magic
 d - 2 potions of invisibility {unknown}
 g - a potion of mutation {unknown}
 m - 2 potions of degeneration {unknown}
 p - a potion of heal wounds {unknown}
 q - 2 potions of flight {unknown}
 t - a potion of brilliance {unknown}
 w - a potion of curing {unknown}


   Skills:
 - Level 1.5 Dodging
 - Level 2.1 Stealth
 * Level 5.3 Spellcasting
 - Level 0.7 Transmutations
 + Level 5.8 Earth Magic


You had 11 spell levels left.
You knew the following spells:

 Your Spells              Type           Power      Damage    Failure   Level
a - Sandblast             Erth           50%        2d12      1%          1
b - Stone Arrow           Conj/Erth      46%        3d9       12%         3

Your spell library contained the following spells:

 Spells                   Type           Power      Damage    Failure   Level
 Passwall                 Tmut/Erth      13%        N/A       4%          2
 Petrify                  Tmut/Erth      16%        N/A       32%         4
 Ozocubu's Armour         Ice            4%         N/A       36%         3
 Ozocubu's Refrigeration  Ice            2%         4d7       100%        7


Dungeon Overview and Level Annotations

Branches:
Dungeon (5/15)
 Temple: D:4-7

Altars:
Kikubaaqudgha
Xom


Innate Abilities, Weirdness & Mutations

You are immune to sickness and miasma.
Your stone body is resilient. (AC +4)
You are immune to poison.
You resist negative energy. (rN+)
You are resistant to electric shocks. (rElec)
You are resistant to unholy torment.
You are immune to petrification.


Message History

Aiming: Sandblast (safe; 1% risk of failure)
Press: ? - help, Shift-Dir - straight line, f/p - gnoll
Aim: a gnoll, wielding a +0 heavy spear (85% to hit)
The blast of sand hits the scorpion.
You kill the scorpion!
The hound bites you but does no damage.
The gnoll hits you from afar with a +0 heavy spear.
The hound bites you but does no damage. x2
Casting: Sandblast (safe; 1% risk of failure)
Confirm with . or Enter, or press ? or * to list all spells.
Aiming: Sandblast (safe; 1% risk of failure)
Press: ? - help, Shift-Dir - straight line, f/p - gnoll
Aim: a gnoll, wielding a +0 heavy spear (85% to hit)
The blast of sand hits the gnoll.
The gnoll is heavily wounded.
The hound bites you but does no damage.
The gnoll hits you from afar with a +0 heavy spear.
The hound bites you.
Casting: Sandblast (safe; 1% risk of failure)
Confirm with . or Enter, or press ? or * to list all spells.
Aiming: Sandblast (safe; 1% risk of failure)
Press: ? - help, Shift-Dir - straight line, f/p - gnoll
Aim: a gnoll, wielding a +0 heavy spear (heavily wounded, 85% to hit)
The blast of sand hits the gnoll.
The gnoll is heavily wounded.
The hound closely misses you.
The gnoll hits you from afar with a +0 heavy spear!
* * * LOW HITPOINT WARNING * * *
The hound bites you but does no damage.
Casting: Sandblast (safe; 1% risk of failure)
Confirm with . or Enter, or press ? or * to list all spells.
Aiming: Sandblast (safe; 1% risk of failure)
Press: ? - help, Shift-Dir - straight line, f/p - gnoll
Aim: a gnoll, wielding a +0 heavy spear (heavily wounded, 85% to hit)
The blast of sand hits the gnoll.
The gnoll is severely wounded.
The hound bites you.
* * * LOW HITPOINT WARNING * * *
The gnoll barely misses you. The hound bites you.
You die...

##.#.##
##.#.## ...
#.#.## #.
##.#.###)#
#.#.##.# .#
##.#.##.#
##.#.##.#.$
##.#.#.#
##.#.##.#! #
##.#..#
##.#.##.[#.##
##...##
##.#.##g.#.#
##...#
##.#.##..#
###.###.
##.#.#@#
####.....
##.#h#.#
#........
##.#.##
##.####.# ##
## #.# .. #.#
# #.# #.# #.#
#.##


You could see a hound and a gnoll.

Vanquished Creatures
  A scorpion (D:5)
  2 hounds
  Ijyb (D:3)
  Natasha (thrice) (D:4)
  An iguana (D:5)
  4 adders
  An ufetubus (D:4)
  7 dart slugs
  5 orcs
  6 endoplasms
  3 giant cockroaches
  9 goblins
  6 hobgoblins
  A jackal (D:3)
  3 quokkas
  6 ball pythons
  7 bats
  3 frilled lizards
  6 kobolds
  6 rats
81 creatures vanquished.

Notes
Turn   | Place    | Note
-------+----------+-------------------------------------------
     0 | D:1      | Crownlay the Gargoyle Earth Elementalist began the quest
                  | for the Orb.
     0 | D:1      | Reached XP level 1. HP: 10/10 MP: 3/3
   208 | D:1      | Reached XP level 2. HP: 14/15 MP: 1/5
   599 | D:1      | Reached XP level 3. HP: 19/19 MP: 4/7
  1249 | D:2      | Reached XP level 4. HP: 24/24 MP: 1/9
  1523 | D:3      | Found an ancient bone altar of Kikubaaqudgha.
  1883 | D:3      | Noticed Ijyb
  1891 | D:3      | Killed Ijyb
  1998 | D:3      | Found a shimmering altar of Xom.
  2053 | D:3      | Reached XP level 5. HP: 27/28 MP: 3/10
  2825 | D:3      | Learned a level 3 spell: Stone Arrow
  3017 | D:4      | Noticed Natasha
  3020 | D:4      | Killed Natasha
  3021 | D:4      | Reached skill level 5 in Earth Magic
  3603 | D:4      | Noticed Natasha
  3604 | D:4      | Killed Natasha
  3714 | D:4      | Noticed Natasha
  3719 | D:4      | Killed Natasha
  3720 | D:4      | Reached XP level 6. HP: 32/32 MP: 7/13
  3771 | D:5      | Entered Level 5 of the Dungeon
  3883 | D:5      | Reached skill level 5 in Spellcasting
  3989 | D:5      | HP: 1/32 [hound (5)]
  3989 | D:5      | Slain by a hound

Illustrated notes

Levels and vault maps discovered:
D:1:      minmay_arrival_arboretum_small, layout_basic, minmay_misc_feat_five
D:2:      layout_basic, nicolae_figureground_pulse
D:3:      layout_basic, mainiacjoe_overflow_cross_hatched, lemuel_crystal_altar,
          chequers_serial_rivers_small_a, minmay_bisected, uniq_ijyb
D:4:      layout_gridville, minmay_unequal, uniq_natasha
D:5:      minmay_inner_zag, layout_basic, hangedman_abyss_or_decor_passed

Skill      XL: |  1  2  3  4  5  6 |
---------------+-------------------+-----
Earth Magic    | 4 5 |  5.8
Spellcasting   | 3 4 5 |  5.3
Dodging        | |  1.5
Stealth        | |  2.1
Transmutations | |  0.7

Action                     |  1- 3 |  4- 6 || total
---------------------------+-------+-------++-------
  Melee: Unarmed           |     9 |     1 ||    10
   Cast: Sandblast         |    51 |    92 ||   143
         Stone Arrow       |       |     2 ||     2
 Armour: Robe              |    16 |    25 ||    41
  Dodge: Dodged            |    27 |    28 ||    55

Table legend: (Time is in decaauts)
 A = Elapsed time spent in this place.
 B = Non-inter-level travel time spent in this place.
 C = Inter-level travel time spent in this place.
 D = Time resting spent in this place.
 E = Time spent auto-exploring this place.
 F = Levels seen in this place.
 G = Mean time per level.
                   A        B        C        D        E       F      G
               +--------+--------+--------+--------+--------+-----+--------+
         Total |   4061 |   3821 |    240 |      0 |   3371 |   5 |  812.2 |
       Dungeon |   4061 |   3821 |    240 |      0 |   3371 |   5 |  812.2 |
               +--------+--------+--------+--------+--------+-----+--------+

Top non-repeatable levels by time:
     D:3: 1378 daAuts
     D:4: 945 daAuts
     D:1: 853 daAuts
     D:2: 696 daAuts
     D:5: 188 daAuts
